 Dungeon Crawl Stone Soup version 0.22.1-1-ga44c0e56f4 (webtiles) character file.

1467822 OdinFK the Demonic Barricade (level 27, -1/322 (323) HPs)
             Began as a Demonspawn Abyssal Knight on Oct 23, 2018.
             Was the Champion of Lugonu.
             Killed by divine providence
             ... invoked by a balrug
             ... summoned by a shadow demon
              (10 damage)
             ... on level 18 of a ziggurat on Oct 29, 2018.
             The game lasted 14:49:53 (158317 turns).

OdinFK the Demonic Barricade (DsAK)               Turns: 158317, Time: 14:49:55

HP:   -1/322 (323)  AC: 48    Str: 24    XL:     27
MP:   3/37          EV:  8    Int: 17    God:    Lugonu [******]
Gold: 8776          SH: 35    Dex: 23    Spells: 49/80 levels left

rFire    + + .     SeeInvis .   Q - +9 war axe (elec)
rCold    + + .     Gourm    .   F - +8 large shield
rNeg     + + .     Faith    .   I - +2 crystal plate armour of Liberty {rElec rF++ rC+}
rPois    .         Spirit   .   E - +1 helmet of Marbles {Int+2 Dex+3 Slay+2}
rElec    +         Reflect  .   v - +3 cloak of the Wasteland {rCorr Dex+3 Stlth+}
rCorr    +         Harm     .   Z - +5 pair of gloves of Zin's Anger {Slay+3 Stlth+}
MR       +++++     Rnd*Tele +   (boots unavailable)
Stlth    ..........             d - amulet "Naonweitt" {Acrobat MR+}
HPRegen  1.63/turn              f - ring of Xom's Amusement {*Drain rN+ MR+ Stlth+}
MPRegen  0.25/turn              l - ring of Daocua {rN+ MR+}

@: lethally poisoned (-1 -> -1), shrouded (expiring), contaminated,
regenerating, glowing
A: claws 1, talons 3, thin skeletal structure 3, clumsy 1, cold resistance 1,
demonic guardian 3, icemail, low mp 3, magic resistance 1, robust 3, screaming
3, teleportitis 1, no potion heal 2, freezing cloud immunity
}: 14/15 runes: serpentine, barnacled, slimy, silver, iron, obsidian, icy, bone,
abyssal, demonic, glowing, magical, fiery, dark
a: Depart the Abyss, Bend Space, Banish, Corrupt, Enter the Abyss, Brand Weapon
With Distortion, Renounce Religion


You were on level 18 of a ziggurat.
You worshipped Lugonu.
Lugonu was exalted by your worship.
You were not hungry.

You visited 17 branches of the dungeon, and saw 88 of its levels.
You visited Pandemonium 2 times, and saw 16 of its levels.
You visited the Abyss 18 times.
You visited 2 bazaars.
You visited 1 ziggurat, and saw 18 of its levels.
You also visited: Bailey.

You collected 14594 gold pieces.
You spent 5818 gold pieces at shops.

Inventory:

Hand Weapons
 Q - a +9 war axe of electrocution (weapon)
Armour
 e - the +8 crystal plate armour "Xosap" {rF- rC- rN+++ Slay+5}
   (You acquired it on level 10 of the Dungeon)

   It affects your accuracy and damage with ranged weapons and melee attacks
   (+5).
   It makes you vulnerable to fire.
   It makes you vulnerable to cold.
   It renders you almost immune to negative energy.
 v - the +3 cloak of the Wasteland (worn) {rCorr Dex+3 Stlth+}
   (You bought it in a shop on level 2 of the Orcish Mines)

   It affects your dexterity (+3).
   It provides partial protection from all sources of acid and corrosion.
   It makes you more stealthy.
 C - the +2 shield of Resistance {rF+ rC+ MR+}
   (You found it on level 7 of a ziggurat)

   It protects you from fire.
   It protects you from cold.
   It affects your resistance to hostile enchantments.
 E - the +1 helmet of Marbles (worn) {Int+2 Dex+3 Slay+2}
   (You found it in Pandemonium)

   It affects your intelligence (+2).
   It affects your dexterity (+3).
   It affects your accuracy and damage with ranged weapons and melee attacks
   (+2).
 F - a +8 large shield (worn)
 I - the +2 crystal plate armour of Liberty (worn) {rElec rF++ rC+}
   (You acquired it on level 2 of the Elven Halls)

   It greatly protects you from fire.
   It protects you from cold.
   It insulates you from electricity.
 Z - the +5 pair of gloves of Zin's Anger (worn) {Slay+3 Stlth+}
   (You found it in Pandemonium)

   It affects your accuracy and damage with ranged weapons and melee attacks
   (+3).
   It makes you more stealthy.
Jewellery
 d - the amulet "Naonweitt" (around neck) {Acrobat MR+}
   (You found it on level 7 of Tartarus)

   [amulet of the acrobat]

   It helps you evade while moving and waiting.
   It affects your resistance to hostile enchantments.
 f - the ring of Xom's Amusement (left hand) {*Drain rN+ MR+ Stlth+}
   (You found it on level 7 of Tartarus)

   [ring of protection from magic]

   It protects you from negative energy.
   It affects your resistance to hostile enchantments.
   It causes draining when unequipped.
   It makes you more stealthy.
 l - the ring of Daocua (right hand) {rN+ MR+}
   (You bought it in a shop on level 1 of the Depths)

   [ring of protection from magic]

   It protects you from negative energy.
   It affects your resistance to hostile enchantments.
 o - an uncursed ring of protection from cold
 B - a +5 ring of slaying
 D - an uncursed ring of flight
 K - the ring of Waxor {MR+ MP+9}
   (You found it on level 7 of a ziggurat)

   [ring of magical power]

   It affects your resistance to hostile enchantments.
   It affects your magic capacity (+9).
 U - an uncursed ring of protection from fire
 W - the ring of Iraurph {Fire rPois Dex+7}
   (You found it on level 2 of the Vaults)

   [ring of fire]

   It enhances your fire magic.
   It affects your dexterity (+7).
   It protects you from fire.
   It makes you vulnerable to cold.
   It protects you from poison.
Wands
 j - a wand of iceblast (45)
 t - a wand of clouds (20)
 y - a wand of digging (20)
 A - a wand of acid (20)
 P - a wand of flame (41)
 R - a wand of disintegration (61)
Scrolls
 g - 23 scrolls of teleportation
 h - 2 scrolls of amnesia
 m - 41 scrolls of remove curse
 w - 5 scrolls of fear
 x - 18 scrolls of fog
 H - 2 scrolls of blinking
 L - 41 scrolls of identify
 S - 2 scrolls of silence
 V - 5 scrolls of magic mapping
 Y - a scroll of summoning
Potions
 b - 6 potions of cancellation
 i - 9 potions of invisibility
 n - 7 potions of berserk rage
 q - 7 potions of mutation
 r - 10 potions of curing
 s - 11 potions of ambrosia
 u - 7 potions of agility
 z - 8 potions of resistance
 J - 2 potions of might
 N - 2 potions of heal wounds
 O - 7 potions of haste
Miscellaneous
 a - a lamp of fire
 k - the horn of Geryon (inert)
 p - a fan of gales
 G - a phial of floods
 M - 3 phantom mirrors
 T - 3 boxes of beasts
 X - a lightning rod (4/4)
Comestibles
 c - 64 rations


   Skills:
 O Level 27 Fighting
 O Level 27 Axes
 O Level 27 Armour
 - Level 0.8 Dodging
 O Level 27 Shields
 O Level 27 Spellcasting
 * Level 13.6 Hexes
 - Level 7.0 Charms
 - Level 7.0 Necromancy
 + Level 1.1 Translocations
 - Level 4.0 Air Magic
 * Level 19.3 Earth Magic
 + Level 25.7 Invocations
 + Level 21.0 Evocations


You had 49 spell levels left.
You knew the following spells:

 Your Spells              Type           Power        Failure   Level  Hunger
a - Shatter               Erth           ######....   99%         9    #######
b - Regeneration          Chrm/Necr      #####.....   1%          3    None
c - Darkness              Hex            ######....   6%          6    ###....
d - Shroud of Golubria    Chrm/Tloc      #####.....   3%          2    None
e - Invisibility          Hex            ######..     6%          6    ###....
f - Silence               Hex/Air        ######....   9%          5    None

Your spell library contained the following spells:

 Spells                   Type           Power        Failure   Level  Hunger
 Sandblast                Erth           ######       0%          1    None
 Animate Skeleton         Necr           N/A          1%          1    None
 Confusing Touch          Hex            ######       1%          1    None
 Corona                   Hex            ######.      1%          1    None
 Infusion                 Chrm           ####         1%          1    None
 Pain                     Necr           ####         1%          1    None
 Corpse Rot               Necr           N/A          1%          2    None
 Ensorcelled Hibernation  Hex/Ice        #####.       1%          2    None
 Passwall                 Tmut/Erth      ######..     1%          2    None
 Slow                     Hex            ######..     1%          2    None
 Song of Slaying          Chrm           #####...     1%          2    None
 Sublimation of Blood     Necr           #####.....   1%          2    None
 Swiftness                Chrm/Air       #####...     1%          2    None
 Confuse                  Hex            ######..     1%          3    None
 Dazzling Spray           Conj/Hex       #####.       1%          3    None
 Inner Flame              Hex/Fire       #####...     1%          3    None
 Portal Projectile        Hex/Tloc       #####.       1%          3    None
 Spectral Weapon          Hex/Chrm       ######..     1%          3    None
 Stone Arrow              Conj/Erth      ######       1%          3    None
 Summon Guardian Golem    Hex/Summ       #####...     1%          3    None
 Tukima's Dance           Hex            ######..     1%          3    None
 Vampiric Draining        Necr           #####.....   1%          3    None
 Cause Fear               Hex            ######....   1%          4    None
 Leda's Liquefaction      Hex/Erth       ######....   1%          4    None
 Petrify                  Tmut/Erth      ######..     1%          4    None
 Borgnjor's Vile Clutch   Necr/Erth      ######....   1%          5    None
 Lee's Rapid Deconstruct  Erth           ######....   1%          5    None
 Shock                    Conj/Air       ####         4%          1    None
 Animate Dead             Necr           N/A          6%          4    None
 Apportation              Tloc           ####..       7%          1    None
 Fulminant Prism          Conj/Hex       #####.....   7%          4    None
 Poisonous Vapours        Pois/Air       ####..       8%          2    None
 Ozocubu's Armour         Chrm/Ice       ####....     8%          3    None
 Beastly Appendage        Tmut           ###...       11%         1    None
 Flame Tongue             Conj/Fire      ###..        11%         1    None
 Freeze                   Ice            ###.         11%         1    None
 Magic Dart               Conj           ###.         11%         1    None
 Sting                    Conj/Pois      ###.         11%         1    None
 Summon Butterflies       Summ           ###.....     11%         1    None
 Summon Small Mammal      Summ           ###.         11%         1    None
 Blink                    Tloc           N/A          11%         2    None
 Static Discharge         Conj/Air       ####....     14%         3    None
 Call Imp                 Summ           ###.....     17%         2    None
 Searing Ray              Conj           ###...       17%         2    None
 Sticks to Snakes         Tmut           ###.....     17%         2    None
 Throw Flame              Conj/Fire      ###...       17%         2    None
 Throw Frost              Conj/Ice       ###...       17%         2    None
 Agony                    Necr           #####...     17%         5    None
 Dispel Undead            Necr           #####...     17%         5    None
 Excruciating Wounds      Chrm/Necr      #####.....   17%         5    None
 Mephitic Cloud           Conj/Pois/Air  ####....     19%         3    None
 Metabolic Englaciation   Hex/Ice        #####.....   19%         5    None
 Summon Mana Viper        Hex/Summ       #####...     19%         5    None
 Yara's Violent Unravell  Hex/Tmut       #####.....   19%         5    None
 Gell's Gravitas          Tloc           ####......   22%         3    None
 Lesser Beckoning         Tloc           ####......   22%         3    None
 Teleport Other           Tloc           ####....     22%         3    None
 Airstrike                Air            #####.....   22%         4    None
 Bolt of Magma            Conj/Fire/Erth #####.....   22%         5    None
 Recall                   Summ/Tloc      N/A          26%         3    None
 Call Canine Familiar     Summ           ###.....     32%         3    None
 Conjure Flame            Conj/Fire      ###.....     32%         3    None
 Ignite Poison            Fire/Tmut/Pois ###.....     32%         3    None
 Spider Form              Tmut/Pois      ###.......   32%         3    None
 Iron Shot                Conj/Erth      ######....   32%         6    ###....
 Statue Form              Tmut/Erth      ######...    32%         6    ###....
 Summon Lightning Spire   Summ/Air       ####....     43%         4    None
 Passage of Golubria      Tloc           N/A          56%         4    None
 Bolt of Draining         Conj/Necr      ####......   58%         5    None
 Iskenderun's Battlesphe  Conj/Chrm      ####....     58%         5    None
 Force Lance              Conj/Tloc      ###.....     65%         4    None
 Death Channel            Necr           #####.....   67%         6    ###....
 Ice Form                 Ice/Tmut       ###.....     73%         4    None
 Iskenderun's Mystic Bla  Conj           ###.....     73%         4    None
 Olgreb's Toxic Radiance  Pois           ###.....     73%         4    None
 Sticky Flame             Conj/Fire      ###.....     73%         4    None
 Summon Ice Beast         Ice/Summ       ###.....     73%         4    None
 Throw Icicle             Conj/Ice       ###.....     73%         4    None
 Lightning Bolt           Conj/Air       ####......   80%         5    None
 Deflect Missiles         Chrm/Air       #####.....   87%         6    ###....
 Summon Forest            Summ/Tloc      ###.......   94%         5    None
 Discord                  Hex            ######....   95%         8    ######.
 Alistair's Intoxication  Tmut/Pois      ###.....     97%         5    None
 Aura of Abjuration       Summ           ###.......   97%         5    None
 Blade Hands              Tmut           ###.......   97%         5    None
 Fireball                 Conj/Fire      ###.......   97%         5    None
 Irradiate                Conj/Tmut      ###.......   97%         5    None
 Summon Demon             Summ           ###.......   97%         5    None
 Venom Bolt               Conj/Pois      ###.......   97%         5    None
 Simulacrum               Ice/Necr       ####......   99%         6    ###....
 Bolt of Cold             Conj/Ice       ###.......   100%        6    ###....
 Bolt of Fire             Conj/Fire      ###.......   100%        6    ###....
 Conjure Ball Lightning   Conj/Air       ####......   100%        6    ###....
 Dispersal                Tloc           ####......   100%        6    ###....
 Freezing Cloud           Conj/Ice/Air   ####......   100%        6    ###....
 Hydra Form               Tmut           ###.......   100%        6    ###....
 Ozocubu's Refrigeration  Ice            ###.......   100%        6    ###....
 Shadow Creatures         Summ           N/A          100%        6    ###....
 Dragon Form              Tmut           ###.......   100%        7    #####..
 Orb of Destruction       Conj           ###.......   100%        7    #####..
 Ring of Flames           Chrm/Fire      ####......   100%        7    #####..
 Spellforged Servitor     Conj/Summ      ###.......   100%        7    #####..
 Summon Hydra             Summ           ###.......   100%        7    #####..
 Controlled Blink         Tloc           N/A          100%        8    ######.
 Death's Door             Chrm/Necr      #####.....   100%        8    ######.
 Disjunction              Tloc           ####......   100%        8    ######.
 Ignition                 Fire           ###.......   100%        8    ######.
 Dragon's Call            Summ           ###.......   100%        9    #######
 Tornado                  Air            #####.....   100%        9    #######


Dungeon Overview and Level Annotations

Branches:
Dungeon (15/15)            Temple (0/1) D:6            Lair (6/6) D:11
 Shoals (4/4) Lair:4        Snake (4/4) Lair:2        Slime (5/5) Lair:5
    Orc (2/2) D:11            Elf (3/3) Orc:2        Vaults (5/5) D:14
  Crypt (3/3) Vaults:2       Tomb (3/3) Crypt:3      Depths (5/5) D:15
   Hell (1/1)                 Dis (7/7) Hell            Geh (7/7) Hell
    Coc (7/7) Hell            Tar (7/7) Hell            Zot (4/5) Depths:5

Altars:
Cheibriados
Dithmenos
Elyvilon
Hepliaklqana
Kikubaaqudgha
Nemelex Xobeh
Okawaru
Ru
Sif Muna
Trog
Vehumet
Xom
Yredelemnul
Zin
The Shining One
Jiyva

Shops:
D:10 ?   D:13 *%   Orc:2 [*(=   Elf:1 %}   Elf:2 %   Shoals:1 *   Vaults:2 [
Vaults:3 *   Depths:1 =}}   Depths:3 [!%*

Portals:
Hell: Depths:1 Depths:2 Depths:3 Depths:4 Depths:5
Abyss: Depths:4 Depths:5
Pandemonium: Depths:2 Depths:3 Depths:5

Annotations:
D:6 Harold
D:7 3 runed doors, Prince Ribbit; Ramireus's ghost, novice SpEn
D:9 exclusion: statue
Shoals:1 1 runed door, greenfork's ghost, adept FoAK
Snake:1 1 runed door, greenfork's ghost, journeyman KoHu
Tomb:1 corrupted
Coc:7 exclusion: ice statue


Innate Abilities, Weirdness & Mutations

You have claws for feet.
You have an unnaturally thin skeletal structure. (Dex +6, Stealth++)
Your flesh is cold resistant. (rC+)
A powerful demonic guardian rushes to your aid.
A meltable icy envelope protects you from harm. (AC +0)
You are extremely robust. (+30% HP)
You are immune to freezing clouds.
You have sharp fingernails.
You are clumsy. (Dex -2)
Your magical capacity is extremely low. (-30% MP)
You are resistant to hostile enchantments. (MR+)
You frequently scream uncontrollably at your foes.
You are occasionally teleported next to monsters.
Potions are poor at restoring your health.


Message History

Something smites you!
* * * LOW HITPOINT WARNING * * *
You see here a potion of experience.
Blink to where?
Press: ? - help, Dir - move target cursor You are contaminated with residual magic.
As you read the scroll of blinking, it crumbles to dust.
Your shroud begins to fray at the edges.
You feel sick.
Your cacodemon gestures at the sixfirhy.
The sixfirhy appears confused.
Are you sure you want to leave this ziggurat?
You feel sick.
The sixfirhy barely misses the balrug.
The sixfirhy barely misses the smoke demon.
The smoke demon gestures at you. The ball of steam hits you! You resist.
* * * LOW HITPOINT WARNING * * *
The balrug gestures at you. Something smites you!
You die...

... .
▓▓▓▓▓▓▓▓▓▓.... .
▓............. .
▓............. ...
▓!):.........§ 4§.
▓|)??........§ #.
▓@§§§334.....# §#.
▓>)}}......2..§§1.
▓∩):)2.22.....#4##
▓)=!|.4...2...#..2
▓=)[....2.2....22.
▓..........4..4...
▓.............3...
▓▓▓▓▓▓▓▓▓▓.....3..
▓........


You could see 2 balrugs, a shadow demon, a hellwing and a friendly cacodemon.

Vanquished Creatures
  Cerebov (Pan)
  Asmodeus (Geh:7)
  the Royal Jelly (Slime:5)
  Ereshkigal (Tar:7)
  the Serpent of Hell (Coc:7)
  Lom Lobon (Pan)
  Dispater (Dis:7)
  Mnoleg (Pan)
  8 ancient liches
  3 orbs of fire
  2 juggernauts (Depths:2)
  8 greater mummies (Tomb:1)
  Frederick (Depths:5)
  29 shard shrikes
  Vashnia (Snake:3)
  10 golden dragons
  8 caustic shrikes
  Jory (Depths:3)
  5 profane servitors
  Geryon (Hell)
  Nikola (Elf:3)
  11 iron giants
  29 bone dragons
  5 pandemonium lords
  the Enchantress (Depths:4)
  An electric golem (Zot:2)
  8 doom hounds
  49 Tzitzimimeh
  35 Brimstone Fiends
  4 hellephants
  19 tentacled monstrosities
  25 liches
  32 Ice Fiends
  18 Hell Sentinels
  12 titans
  6 deep elf blademasters
  4 deep elf master archers
  7 quicksilver dragons
  12 sphinxes
  25 acid blobs
  Polyphemus (Shoals:2)
  11 eldritch tentacles
  9 death cobs
  24 Executioners
  5 krakens
  Frances (D:14)
  31 tentacled starspawn
  20 ancient champions
  9 storm dragons
  20 shadow dragons
  Kirke (Snake:2)
  11 revenants
  21 azure jellies
  8 nagarajas
  6 draconian monks
  3 daevas
  8 tengu reavers
  12 draconian knights
  12 fire giants
  An azure jelly (shapeshifter) (Zig:6)
  Roxanne (D:15)
  12 iron dragons
  27 frost giants
  15 vault wardens
  8 deep elf sorcerers
  Louise (Snake:3)
  6 curse skulls
  6 ghost moths
  A warmonger (Zig:18)
  A caustic shrike zombie (Depths:4)
  28 balrugs
  7 draconian stormcallers
  3 orc warlords
  7 deep elf elementalists
  13 ghouls
  2 angels
  28 cacodemons
  11 draconian shifters
  12 draconian scorchers
  22 war gargoyles
  16 ironheart preservers
  13 draconian annihilators
  9 spriggan defenders
  An ophan (Abyss:1)
  89 reapers
  A corrupter (Pan)
  4 elemental wellsprings
  An entropy weaver (Vaults:5)
  33 stone giants
  4 blood saints
  20 white draconians
  11 green draconians
  36 very ugly things
  15 bennus
  Azrael (D:15)
  Nessos (Lair:5)
  The ghost of matti1234 the Covert, a journeyman OpWr of Gozag (Lair:3)
  5 black suns
  6 lorocyprocas
  20 red draconians
  2 dire elephants
  25 vampire knights
  A dire elephant (shapeshifter) (Vaults:5)
  15 deep elf annihilators
  12 black draconians
  13 deep elf demonologists
  19 yellow draconians
  8 eidola
  13 ettins
  2 merfolk javelineers
  4 spark wasps (Depths:2)
  11 deep elf death magi
  17 purple draconians
  30 blizzard demons
  17 death oozes
  A spectral quicksilver dragon (Zig:11)
  2 crystal guardians
  16 green deaths
  Josephine (Lair:4)
  12 merfolk impalers
  18 mummy priests
  10 quicksilver dragon zombies
  21 yaktaur captains
  18 jiangshi
  9 ogre magi
  A great orb of eyes (shapeshifter) (Vaults:5)
  5 deep elf high priests
  3 kraken zombies
  8 hell beasts
  15 fire dragons
  19 great orbs of eyes
  A monstrous demonspawn (Zig:18)
  12 hydras
  13 rakshasas
  6 quicksilver dragon skeletons
  6 catoblepae
  An anaconda (shapeshifter) (Vaults:5)
  5 merfolk avatars
  33 vault guards
  45 ice dragons
  14 naga warriors
  7 spriggan air magi
  3 ghost crabs
  A satyr (Abyss:3)
  41 death scarabs
  22 anacondas
  8 centaur warriors
  36 dancing weapons
  12 deep troll shamans
  15 death knights
  40 hell hogs
  An alligator snapping turtle (Shoals:4)
  13 death yaks
  11 deep troll earth magi
  26 two-headed ogres
  15 vampire magi
  6 tengu warriors
  13 storm dragon zombies
  5 orc high priests
  10 naga sharpshooters
  18 titan zombies
  56 sun demons
  A shock serpent (shapeshifter) (Abyss:1)
  25 thrashing horrors
  9 shock serpents
  14 iron golems
  5 spriggan berserkers
  25 deep elf knights
  Sonja (Lair:3)
  8 titan skeletons
  21 wretched stars
  6 spatial maelstroms
  58 hell knights
  A salamander mystic (Snake:4)
  33 soul eaters
  Nergalle (Lair:4)
  225 skeletal warriors
  20 shadow wraiths
  3 fire crabs
  12 iron trolls
  11 storm dragon skeletons
  32 sixfirhies
  13 anaconda zombies
  26 deep trolls
  4 gelid demonspawn (Pan)
  6 infernal demonspawn (Pan)
  11 shadow demons
  3 cherubim
  A death drake (Tar:7)
  2 swamp dragons
  22 flayed ghosts
  14 golden dragon zombies
  20 sea snakes
  2 torturous demonspawn (Pan)
  2 kraken simulacra (Coc:7)
  9 glowing orange brains
  6 unseen horrors
  2 ghost moth zombies
  6 wizards
  23 deep elf archers
  10 ironbrand convokers
  9 wolf spider zombies
  14 harpies
  A death drake (shapeshifter) (Elf:1)
  Pikel (D:7)
  12 golden dragon skeletons
  8 shadow dragon zombies
  15 naga ritualists
  A sphinx zombie (Vaults:3)
  16 mana vipers
  22 phantasmal warriors
  An orb spider (shapeshifter) (Depths:2)
  19 orc knights
  22 necromancers
  3 tengu skeletons
  36 ugly things
  A wolf spider (shapeshifter) (Vaults:1)
  10 fire giant zombies
  13 anaconda skeletons
  12 iron dragon zombies
  11 shadow dragon skeletons
  A manticore (shapeshifter) (Zig:17)
  12 stone giant zombies
  A faun (shapeshifter) (Depths:4)
  11 salamanders
  13 orc sorcerers
  4 cyclopes
  8 shining eyes
  8 fauns (Shoals:2)
  15 frost giant zombies
  107 deep elf magi
  2 wolf spiders
  2 shining eyes (shapeshifter) (Zig:17)
  15 elephants
  A cyclops (shapeshifter) (Depths:4)
  8 manticores
  3 salamanders (shapeshifter)
  An elephant (shapeshifter) (Depths:5)
  35 rust devils
  94 large abominations
  27 moths of wrath
  8 oklob plants (Zig:10)
  4 centaur zombies
  9 merfolk sirens
  6 iron dragon skeletons
  17 worldbinders
  7 dire elephant zombies
  15 frost giant skeletons
  55 black mambas
  6 apocalypse crabs
  9 stone giant skeletons
  13 fire giant skeletons
  54 smoke demons
  10 molten gargoyles
  A black mamba (shapeshifter) (Vaults:2)
  19 guardian serpents
  4 shock serpent zombies
  10 naga magi
  6 titan simulacra (Coc:7)
  4 torpor snails
  6 water nymphs
  4 eyes of devastation
  An ice statue (Zig:15)
  8 vault sentinels
  8 storm dragon simulacra
  16 spiny frogs
  33 orange demons
  3 centaur skeletons
  3 gargoyles
  8 dire elephant skeletons
  A komodo dragon (shapeshifter) (Vaults:1)
  3 emperor scorpion zombies
  42 hellions
  2 rime drakes (Lair:5)
  13 demonic crawlers
  2 shock serpent skeletons
  65 freezing wraiths
  3 komodo dragons
  A yaktaur (shapeshifter) (Elf:2)
  70 ice devils
  A minotaur skeleton (Geh:5)
  43 yaktaurs
  4 trolls
  5 kobold demonologists
  47 red devils
  A black draconian skeleton (Crypt:2)
  23 efreet
  132 starcursed masses
  10 anaconda simulacra
  26 hydra zombies
  16 ancient zymes
  64 tormentors
  8 harpy zombies
  26 hellwings
  17 guardian mummies
  9 silent spectres
  2 polar bears
  10 hornets
  A jumping spider (Zig:5)
  A troll (shapeshifter) (Depths:3)
  A wolf spider simulacrum (Crypt:2)
  27 merfolk
  7 tengu conjurers
  A wind drake (shapeshifter) (Elf:3)
  138 slime creatures
  A jumping spider (shapeshifter) (Depths:3)
  6 bog bodies
  4 harpy skeletons
  8 ice dragon zombies
  10 alligator zombies
  8 wind drakes
  A blink frog (shapeshifter) (Depths:4)
  A tengu simulacrum (Vaults:2)
  11 fire dragon zombies
  13 blink frogs
  A shadow dragon simulacrum (Coc:3)
  12 ettin zombies
  A dream sheep (shapeshifter) (Abyss:1)
  7 dream sheep
  12 hydra skeletons
  52 raiju
  A hippogriff (shapeshifter) (Depths:1)
  A stone giant simulacrum (Abyss:1)
  78 small abominations
  10 ettin skeletons
  3 frost giant simulacra
  18 hippogriffs
  6 snapping turtles
  2 vampires
  5 spriggans
  235 flying skulls
  A meliai zombie (D:15)
  80 shadows
  8 fire dragon skeletons
  4 redbacks
  A redback (shapeshifter) (Vaults:5)
  10 ice dragon skeletons
  5 air elementals
  9 ushabtiu
  10 alligator skeletons
  2 black mamba zombies
  2 wyverns
  A yak (shapeshifter) (Abyss:3)
  21 water elementals
  42 ynoxinuls
  71 wraiths
  46 yaks
  2 black mamba skeletons
  9 golden eyes
  49 fire elementals
  2 fire bats (Abyss:1)
  3 basilisks
  5 hogs
  7 hungry ghosts
  A basilisk (shapeshifter) (Abyss:1)
  3 golden eyes (shapeshifter)
  33 chaos spawn
  3 steam dragons
  30 neqoxecs
  11 wargs
  12 vampire mosquitoes
  9 spatial vortices
  4 insubstantial wisps (Abyss:1)
  A harpy simulacrum (Coc:5)
  A merfolk zombie (Geh:6)
  48 nagas
  4 acid dragons
  19 water moccasins
  A floating eye (Pan)
  5 hydra simulacra
  5 porcupines
  12 spiny frog zombies
  44 orc warriors
  8 eyes of draining
  A swamp drake (Zig:3)
  A floating eye (shapeshifter) (Zot:2)
  109 hell hounds
  2 hornet zombies (D:14)
  19 ice beasts
  A slave (D:7)
  14 snapping turtle zombies
  3 black bears (Lair:6)
  40 necrophages
  4 spiny frog skeletons
  An ice beast (shapeshifter) (Abyss:1)
  12 sky beasts
  6 manticore zombies
  17 phantoms
  2 alligator simulacra
  A blink frog zombie (Crypt:2)
  4 snapping turtle skeletons
  6 swamp dragon zombies
  27 ogres
  9 boggarts
  A boggart (shapeshifter) (Zig:17)
  14 wolves
  4 swamp dragon skeletons
  2 manticore skeletons
  20 centaurs
  13 crocodiles
  2 elf zombies
  9 big kobolds
  15 bullfrogs
  An elf skeleton (Tomb:1)
  A gnoll sergeant (D:8)
  A merfolk simulacrum (Tar:6)
  2 spiny frog simulacra
  6 earth elementals
  A water moccasin zombie (D:11)
  A wyvern zombie (D:15)
  A queen bee zombie (Crypt:1)
  2 scorpions
  6 killer bees
  A yak zombie (Crypt:2)
  A snapping turtle simulacrum (Coc:2)
  2 spriggan zombies
  4 human simulacra
  117 wights
  A yak skeleton (Crypt:1)
  3 electric eels
  4 howler monkeys
  A spriggan skeleton (Coc:1)
  33 crimson imps
  9 quasits
  49 iron imps
  3 bullfrog zombies
  6 jellies
  6 hounds
  2 human zombies
  A bullfrog skeleton (D:11)
  13 orc priests
  A demonspawn skeleton (Crypt:2)
  A human skeleton (Coc:1)
  12 worker ants
  An iguana (D:12)
  20 orc wizards
  A hell rat (Zig:14)
  A porcupine zombie (Crypt:1)
  A lightning spire (Zig:8)
  A felid zombie (Crypt:2)
  An ogre zombie (Dis:5)
  A naga zombie (Geh:4)
  A deep dwarf skeleton (Crypt:2)
  4 naga skeletons
  A hound skeleton (D:9)
  29 mummies
  3 worker ant zombies
  14 adders
  23 gnolls
  23 shadow imps
  56 white imps
  12 ufetubi
  An ooze (shapeshifter) (Depths:4)
  An ooze (D:1)
  An adder zombie (D:9)
  6 adder skeletons
  2 worms
  11 ball lightnings (Pan)
  2 dart slugs
  3 leopard geckos
  72 orcs
  A bat zombie (D:2)
  4 giant cockroaches
  13 goblins
  13 hobgoblins
  21 jackals
  50 kobolds
  3 quokkas
  A ball python (D:2)
  4 bats
  A dart slug zombie (Crypt:2)
  5 frilled lizards
  A frilled lizard (shapeshifter) (Vaults:5)
  A goblin zombie (Crypt:1)
  3 kobold skeletons
  A kobold zombie (Geh:7)
  A leopard gecko zombie (D:5)
  A quokka zombie (Crypt:1)
  12 rats
  A rat skeleton (Crypt:1)
  A bush (Abyss:1)
  3 crawling corpses
  3 fire vortices
  7 fungi
  2 lurking horrors
  4 plants
  33 starspawn tentacles
  23 tentacles
6708 creatures vanquished.

Vanquished Creatures (collateral kills)
  Antaeus (Coc:7)
  5 ancient liches
  A greater mummy (Tomb:1)
  2 shard shrikes
  3 caustic shrikes
  6 bone dragons
  6 Tzitzimimeh
  3 liches
  3 iron giants
  3 Ice Fiends (Coc:7)
  A Hell Sentinel (Dis:7)
  A deep elf blademaster (Zig:16)
  2 titans
  2 acid blobs (Slime:5)
  2 sphinxes
  3 tentacled starspawn (Abyss:1)
  4 ancient champions
  A storm dragon (Zot:4)
  3 shadow dragons
  A fire giant (Depths:5)
  A revenant (Zig:11)
  2 azure jellies (Slime:5)
  A ghost moth (Zot:4)
  2 draconian knights
  A blood saint (Zig:18)
  An iron dragon (Dis:7)
  2 draconian shifters
  2 black suns
  2 cacodemons
  A balrug (Geh:7)
  5 very ugly things (Abyss:1)
  A draconian annihilator (Zot:4)
  An ophan (Zig:4)
  3 reapers
  2 draconian stormcallers (Zot:1)
  2 corrupters
  A stone giant (Vaults:5)
  3 lorocyprocas
  A black draconian (Zot:4)
  A vampire knight (Zig:15)
  3 white draconians
  2 bennus
  4 green draconians
  2 blizzard demons
  2 purple draconians (Zig:7)
  An eidolon (Zig:11)
  A jiangshi (Crypt:2)
  A quicksilver dragon skeleton (Coc:7)
  An ogre mage (Depths:2)
  A yaktaur captain (Vaults:5)
  2 vault guards
  An ice dragon (Coc:3)
  A hydra (shapeshifter) (Depths:4)
  A naga warrior (Snake:3)
  A caustic shrike simulacrum (Zig:13)
  3 hydras
  An anaconda (Snake:4)
  3 centaur warriors
  A dancing weapon (Zig:16)
  A death knight (Abyss:1)
  25 death scarabs
  2 hell hogs
  An orc high priest (Orc:2)
  A shock serpent (Snake:4)
  2 thrashing horrors
  2 hell knights
  A deep elf knight (Elf:2)
  3 sun demons (Pan)
  A titan skeleton (Geh:3)
  A cherub (Zig:18)
  An iron troll (Dis:7)
  3 sixfirhies
  6 skeletal warriors
  A death drake (Tar:2)
  A shadow demon (Tar:7)
  2 deep elf magi
  An ironbrand convoker (Vaults:4)
  2 deep elf archers
  2 mana vipers
  2 harpies
  A shadow dragon skeleton (Geh:4)
  A cyclops (Orc:1)
  An oklob plant (Zig:10)
  2 manticores (Shoals:4)
  2 fauns (Shoals:2)
  A moth of wrath (Zot:2)
  2 naga magi
  A vault sentinel (Vaults:5)
  A dire elephant zombie (Tar:3)
  A guardian serpent (Snake:1)
  A black mamba (Snake:1)
  A rust devil (Dis:7)
  A shock serpent skeleton (Tomb:3)
  Joseph (D:7)
  2 torpor snails (Zig:14)
  3 large abominations
  A smoke demon (Abyss:3)
  A spiny frog (Zig:14)
  A centaur skeleton (D:12)
  A green draconian zombie (Dis:7)
  2 orange demons
  A rime drake (Zig:14)
  A rime drake (shapeshifter) (Zot:2)
  2 komodo dragons
  2 freezing wraiths
  2 ice devils
  2 tormentors
  An ancient zyme (Abyss:2)
  2 red devils
  A tengu conjurer (D:13)
  2 hydra zombies (Dis:7)
  A polar bear (Zig:14)
  A troll (D:10)
  An ettin zombie (Dis:7)
  A harpy skeleton (Geh:3)
  A slime creature (Slime:5)
  2 blink frogs
  2 hippogriffs
  11 flying skulls
  An ice dragon zombie (Dis:6)
  Sigmund (D:4)
  A wraith (Geh:3)
  A fire dragon skeleton (Tar:7)
  5 yaks
  A fire elemental (Zot:4)
  2 ushabtiu (Tomb:3)
  A fire bat (Abyss:1)
  A chaos spawn (Pan)
  A naga (Snake:3)
  2 hydra simulacra (Coc:7)
  A hell hound (Geh:1)
  A sky beast (D:6)
  An ice beast (D:5)
  A slave (D:7)
  5 orc warriors
  2 necrophages
  3 ogres
  A wolf (Zig:14)
  A crocodile (Zig:14)
  A big kobold (D:6)
  2 bullfrogs
  A gnoll sergeant (Orc:1)
  2 killer bees (D:10)
  3 wights
  3 starcursed masses (Abyss:1)
  An orc wizard (D:4)
  An iron imp (Dis:7)
  A mummy (Tomb:2)
  2 adders
  A white imp (Coc:7)
  A ball lightning (Pan)
  3 orcs
  A kobold (D:12)
  A crawling corpse (Vaults:5)
  2 starspawn tentacles (Abyss:1)
304 creatures vanquished.

Vanquished Creatures (others)
  A lich (Geh:7)
  2 titans (Pan)
  A quicksilver dragon (Abyss:2)
  4 eldritch tentacles
  3 deep elf master archers
  A fire giant (Depths:2)
  A vault warden (Vaults:5)
  2 ghost moths (Zot:4)
  An elemental wellspring (Coc:7)
  A deep elf elementalist (Elf:3)
  3 stone giants
  A deep elf annihilator (Elf:3)
  A starcursed mass (Abyss:3)
  2 merfolk javelineers (Shoals:4)
  2 blizzard demons
  A green death (Pan)
  2 yaktaur captains
  An ice dragon (Coc:3)
  2 rakshasas (Pan)
  2 centaur warriors
  A merfolk aquamancer (Shoals:4)
  6 hell hogs
  34 death scarabs (Tomb:2)
  2 satyrs
  4 naga sharpshooters
  3 skeletal warriors
  A spatial maelstrom (Abyss:1)
  A naga ritualist (Snake:4)
  A golden dragon skeleton (Tomb:2)
  A phantasmal warrior (Dis:2)
  4 deep elf archers
  A necromancer (Geh:1)
  A wolf spider zombie (Geh:7)
  2 deep elf magi
  2 cyclopes (Vaults:1)
  A shining eye (Pan)
  A moth of wrath (Zot:4)
  A smoke demon (Pan)
  A fire giant skeleton (Tomb:2)
  2 hellions (Geh:7)
  A tormentor (Pan)
  10 yaktaurs
  A red devil (Pan)
  An ice devil (Coc:6)
  A hydra skeleton (Geh:6)
  10 flying skulls
  A large abomination (Abyss:1)
  A ynoxinul (Pan)
  2 humans (Snake:3)
  A chaos spawn (Zig:18)
  A fire elemental (Geh:7)
  A golden eye (Abyss:1)
  A neqoxec (Pan)
  A naga (Snake:4)
  A hell hound (Geh:7)
  2 slaves (D:7)
  6 centaurs
  2 wights (Geh:4)
  An iron imp (Abyss:1)
  42 ball lightnings (Pan)
  2 orcs (Orc:2)
  A kobold zombie (Geh:3)
  4 blocks of ice (Pan)
  3 bushes (Abyss:1)
  2 demonic plants (Abyss:1)
  A fire vortex (Pan)
  11 fungi
  2 lurking horrors (Abyss:1)
  36 plants
  73 starspawn tentacles
  57 tentacles
383 creatures vanquished.

Grand Total: 7395 creatures vanquished

Notes
Turn   | Place    | Note
-------+----------+-------------------------------------------
     0 | Abyss:1  | OdinFK the Demonspawn Abyssal Knight began the quest for
                  | the Orb.
     0 | Abyss:1  | Reached XP level 1. HP: 18/18 MP: 2/2
    33 | D:1      | Escaped the Abyss
    81 | D:1      | Gained mutation: You have a somewhat thin skeletal
                  | structure. (Dex +2, Stealth) [demonic ancestry]
    81 | D:1      | Reached XP level 2. HP: 19/24 MP: 3/3
   164 | D:1      | Reached ** piety under Lugonu
   320 | D:1      | Reached XP level 3. HP: 23/30 MP: 4/4
   613 | D:2      | Found a shimmering altar of Xom.
   614 | D:2      | Found a shimmering altar of Xom.
   614 | D:2      | Found a shimmering altar of Xom.
   650 | D:2      | Found a sacrificial altar of Ru.
   675 | D:2      | Found a shimmering altar of Xom.
   698 | D:2      | Found a shimmering altar of Xom.
   703 | D:2      | Found a shimmering altar of Xom.
  1059 | D:2      | Gained mutation: Your flesh is cold resistant. (rC+)
                  | [demonic ancestry]
  1059 | D:2      | Reached XP level 4. HP: 31/37 MP: 5/5
  1115 | D:2      | Found an ancient bone altar of Kikubaaqudgha.
  1993 | D:3      | Reached *** piety under Lugonu
  2513 | D:3      | Reached XP level 5. HP: 37/42 MP: 6/6
  3120 | D:4      | Noticed Sigmund
  3120 | D:4      | Noticed an ogre
  3350 | D:4      | Found a sparkling altar of Nemelex Xobeh.
  3404 | D:4      | Gained mutation: A weak demonic guardian rushes to your
                  | aid. [demonic ancestry]
  3404 | D:4      | Reached XP level 6. HP: 38/49 MP: 7/7
  3470 | D:4      | Killed Sigmund
  3947 | D:4      | Found an iron altar of Okawaru.
  4080 | D:5      | Entered Level 5 of the Dungeon
  4197 | D:5      | Gained mutation: You have sharp toenails. [demonic
                  | ancestry]
  4197 | D:5      | Reached XP level 7. HP: 22/55 MP: 4/8
  4802 | D:5      | Reached skill level 5 in Axes
  4835 | D:5      | Reached skill level 5 in Fighting
  4976 | D:6      | Found a basalt altar of Yredelemnul.
  5001 | D:6      | Reached skill level 5 in Armour
  5079 | D:6      | Reached **** piety under Lugonu
  5079 | D:6      | Gained mutation: You have razor-sharp toenails. [demonic
                  | ancestry]
  5079 | D:6      | Reached XP level 8. HP: 57/62 MP: 9/9
  5149 | D:6      | Found a snail-covered altar of Cheibriados.
  5390 | D:6      | Reached skill level 1 in Evocations
  5971 | D:6      | Found a staircase to the Ecumenical Temple.
  6613 | D:7      | Found a radiant altar of Vehumet.
  6720 | D:7      | Noticed Prince Ribbit
  6846 | D:7      | Reached XP level 9. HP: 28/69 MP: 6/11
  7195 | D:7      | Found a white marble altar of Elyvilon.
  7213 | D:7      | Noticed Pikel
  7269 | D:7      | Killed Pikel
  7473 | D:7      | Noticed Harold
  7582 | D:7      | Noticed Joseph
  7762 | D:8      | Noticed a two-headed ogre
  8037 | D:8      | Reached ***** piety under Lugonu
  8042 | D:8      | Found a hazy altar of Hepliaklqana.
  8247 | D:8      | Killed a two-headed ogre
  8247 | D:8      | Reached XP level 10. HP: 77/77 MP: 13/13
  8634 | D:7      | Found a snail-covered altar of Cheibriados.
  8903 | D:7      | Found a runed gate.
  8903 | D:7      | Found a runed gate.
  8904 | D:7      | Found a runed gate.
  8904 | D:7      | Noticed Ramireus's ghost (novice SpEn)
  8994 | D:7      | Found a glowing silver altar of Zin.
  9926 | D:9      | Noticed a two-headed ogre
  9936 | D:9      | Killed a two-headed ogre
 10151 | D:9      | Found a radiant altar of Vehumet.
 10616 | D:10     | Entered Level 10 of the Dungeon
 11549 | D:10     | Found a glowing golden altar of the Shining One.
 11564 | D:10     | Reached skill level 1 in Shields
 11578 | D:10     | Reached skill level 10 in Axes
 12237 | D:10     | Found Cymoasou's Magic Scroll Shoppe.
 12245 | D:10     | Bought a scroll of identify for 26 gold pieces
 12245 | D:10     | Bought a scroll of identify for 26 gold pieces
 12245 | D:10     | Bought a scroll of identify for 26 gold pieces
 12249 | D:10     | Bought a scroll of brand weapon for 260 gold pieces
 12426 | D:10     | Gained mutation: You have a moderately thin skeletal
                  | structure. (Dex +4, Stealth+) [demonic ancestry]
 12426 | D:10     | Reached XP level 11. HP: 70/84 MP: 14/14
 12796 | D:7      | Killed Joseph
 13888 | D:11     | Found a staircase to the Orcish Mines.
 14114 | D:11     | Found a staircase to the Lair.
 14542 | Lair:1   | Entered Level 1 of the Lair of Beasts
 15803 | Lair:2   | Found a staircase to the Snake Pit.
 16076 | Lair:2   | Found a shadowy altar of Dithmenos.
 16145 | Lair:2   | You fall through a shaft for 2 floors!
 16192 | Lair:3   | Reached skill level 10 in Armour
 16517 | Lair:2   | Reached ****** piety under Lugonu
 16917 | Lair:3   | Noticed Sonja
 17769 | Lair:3   | Reached XP level 12. HP: 80/94 MP: 13/15
 17914 | Lair:3   | Noticed matti1234's ghost (journeyman OpWr)
 17915 | Lair:3   | Found a runed door.
 17945 | Lair:3   | Killed Sonja
 18521 | Lair:4   | Noticed Nergalle
 18552 | Lair:4   | Noticed a seven-headed hydra
 18729 | Orc:1    | Entered Level 1 of the Orcish Mines
 19160 | D:12     | Found a flagged portal.
 19167 | Bailey   | Entered a bailey
 20116 | D:13     | Reached skill level 5 in Shields
 20273 | D:13     | Found Tablojy's Food Boutique.
 20785 | D:13     | Found Dyopamimuo's Assorted Antiques.
 20793 | D:13     | Bought a scroll labeled UCRIWASHR XUKHLAQ for 28 gold
                  | pieces
 20793 | D:13     | Bought a scroll of brand weapon for 560 gold pieces
 20992 | D:14     | Noticed a centaur warrior
 21008 | D:14     | Killed a centaur warrior
 21026 | D:14     | Noticed a centaur warrior
 21034 | D:14     | Killed a centaur warrior
 21112 | D:14     | Noticed Frances
 21263 | D:11     | Reached XP level 13. HP: 70/103 MP: 16/16
 21888 | Lair:4   | Reached skill level 10 in Fighting
 22851 | Snake:1  | Entered Level 1 of the Snake Pit
 22932 | Snake:1  | Reached skill level 5 in Evocations
 26126 | Snake:1  | Found a runed door.
 26127 | Snake:1  | Noticed greenfork's ghost (journeyman KoHu)
 26626 | Snake:1  | Reached XP level 14. HP: 96/111 MP: 14/17
 27896 | Lair:4   | Killed Nergalle
 28457 | Lair:4   | Noticed Josephine
 28467 | Lair:4   | Killed Josephine
 28505 | Lair:4   | Found a staircase to the Shoals.
 29047 | Lair:5   | Gained mutation: You are immune to freezing clouds.
                  | [demonic ancestry]
 29047 | Lair:5   | Reached XP level 15. HP: 107/120 MP: 17/19
 29639 | Lair:5   | Noticed Nessos
 29672 | Lair:5   | Killed Nessos
 30031 | Lair:5   | Found a viscous altar of Jiyva.
 30031 | Lair:5   | Found a staircase to the Slime Pits.
 30393 | Lair:6   | Entered Level 6 of the Lair of Beasts
 32179 | Lair:6   | Reached XP level 16. HP: 92/128 MP: 16/21
 33446 | D:14     | Found a gate to the Vaults.
 34270 | Orc:1    | Reached skill level 10 in Shields
 34825 | Orc:2    | Entered Level 2 of the Orcish Mines
 34825 | Orc:2    | Found a staircase to the Elven Halls.
 34828 | Orc:2    | Paralysed by an orc sorcerer for 6 turns
 35154 | Orc:2    | Found Afucouv's Antique Weapon Shop.
 36361 | Shoals:1 | Entered Level 1 of the Shoals
 36361 | Shoals:1 | Found a runed door.
 36361 | Shoals:1 | Found a shimmering altar of Xom.
 36361 | Shoals:1 | Noticed greenfork's ghost (adept FoAK)
 36992 | Shoals:1 | Found Bacvuxka's Bounteous Boutique.
 37551 | Snake:2  | Found a bloodstained altar of Trog.
 40311 | Snake:3  | Noticed Vashnia
 40680 | Snake:3  | Noticed Kirke
 40910 | Orc:2    | Gained mutation: A meltable icy envelope protects you from
                  | harm. (AC +0) [demonic ancestry]
 40910 | Orc:2    | Reached XP level 17. HP: 127/137 MP: 21/23
 41022 | Orc:2    | Found Kyaffady's Antique Armour Shop.
 41047 | Orc:2    | Bought a shiny helmet for 270 gold pieces
 41118 | Orc:2    | Reached skill level 15 in Axes
 41416 | Orc:2    | Found Yliytt's Jewellery Emporium.
 41467 | Orc:2    | Paralysed by an orc sorcerer for 6 turns
 41817 | Orc:2    | Found Xemogoum's General Store.
 41840 | Orc:2    | Bought the +3 cloak of the Wasteland {rCorr Dex+3 Stlth+}
                  | for 535 gold pieces
 42202 | D:14     | Killed Frances
 42656 | D:14     | Found a deep blue altar of Sif Muna.
 42904 | D:15     | Entered Level 15 of the Dungeon
 43169 | D:15     | Noticed Azrael
 43258 | D:15     | Killed Azrael
 43392 | D:15     | Noticed Roxanne
 43733 | D:15     | Found a staircase to the Depths.
 44567 | Shoals:1 | Gained mutation: You have claws for feet. [demonic
                  | ancestry]
 44567 | Shoals:1 | Reached XP level 18. HP: 145/145 MP: 23/25
 45150 | Shoals:2 | Noticed Polyphemus
 45864 | Shoals:2 | Killed Polyphemus
 47754 | Shoals:4 | Entered Level 4 of the Shoals
 48289 | Shoals:4 | Gained mutation: You have an unnaturally thin skeletal
                  | structure. (Dex +6, Stealth++) [demonic ancestry]
 48289 | Shoals:4 | Reached XP level 19. HP: 135/153 MP: 26/26
 50146 | Shoals:4 | Reached skill level 10 in Evocations
 50154 | Shoals:4 | Reached skill level 15 in Armour
 50339 | Shoals:4 | Got a barnacled rune of Zot
 50404 | Shoals:4 | Got a steaming glaive
 50736 | Shoals:4 | Got a bone spear
 50737 | Shoals:4 | Identified the +7 spear of Disorder {chaos, Str-2 Dex+4
                  | SInv} (You found it on level 4 of the Shoals)
 51125 | Snake:2  | Killed Kirke
 51509 | Snake:3  | Noticed Louise
 51542 | Snake:3  | Killed Louise
 51875 | Snake:3  | Killed Vashnia
 52656 | Snake:4  | Entered Level 4 of the Snake Pit
 53150 | Snake:4  | Escaped the Abyss
 53528 | Snake:4  | Reached skill level 15 in Fighting
 55223 | Snake:4  | Gained mutation: You are robust. (+10% HP) [demonic
                  | ancestry]
 55223 | Snake:4  | Reached XP level 20. HP: 154/178 MP: 27/27
 55270 | Snake:4  | Reached skill level 15 in Shields
 56434 | Snake:4  | Got a serpentine rune of Zot
 56786 | D:15     | Killed Roxanne
 57063 | Depths:1 | Entered Level 1 of the Depths
 57372 | Depths:1 | Found a gateway to Hell.
 57723 | Depths:1 | Cast into level 4 of the Abyss (a lich)
 57920 | Depths:1 | Escaped the Abyss
 59035 | Depths:1 | Found Visuzot's Gadget Shoppe.
 59036 | Depths:1 | Found Cysmike's Jewellery Boutique.
 59037 | Depths:1 | Found Jiucoas's Gadget Shoppe.
 59051 | Depths:1 | Bought the ring of Daocua {rN+ MR+} for 760 gold pieces
 59135 | Vaults:1 | Entered Level 1 of the Vaults
 60663 | Vaults:2 | Gained mutation: You are very robust. (+20% HP) [demonic
                  | ancestry]
 60663 | Vaults:2 | Reached XP level 21. HP: 151/205 MP: 28/28
 60733 | Vaults:2 | Found a staircase to the Crypt.
 61299 | Vaults:2 | Found Zilus's Antique Armour Shop.
 61374 | Vaults:2 | Got a shimmering bone ring
 61376 | Vaults:2 | Identified the ring of Iraurph {Fire rPois Dex+7} (You
                  | found it on level 2 of the Vaults)
 62553 | Vaults:3 | Found Ahiben's Assorted Antiques.
 62561 | Vaults:3 | Bought a triangular steel amulet for 130 gold pieces
 63995 | Vaults:4 | Found a flickering gateway to a bazaar.
 64001 | Bazaar   | Entered a bazaar
 64001 | Bazaar   | Found Izxiguid's Jewellery Shoppe.
 64001 | Bazaar   | Found Awos's Antique Armour Boutique.
 64001 | Bazaar   | Found Seammiv's Food Shoppe.
 64001 | Bazaar   | Found Osoxziqe's Book Shop.
 64003 | Bazaar   | Found Jamumell's General Store.
 64044 | Bazaar   | Bought a scroll of blinking for 52 gold pieces
 64044 | Bazaar   | Bought a scroll of enchant armour for 52 gold pieces
 64044 | Bazaar   | Bought 2 potions of resistance for 140 gold pieces
 65326 | Vaults:4 | Reached XP level 22. HP: 105/218 MP: 29/29
 66318 | Elf:1    | Entered Level 1 of the Elven Halls
 66570 | Elf:1    | Found a flickering gateway to a bazaar.
 66594 | Bazaar   | Entered a bazaar
 66611 | Bazaar   | Found Arabovov's Antique Weapon Emporium.
 66626 | Bazaar   | Found Fuogiom's Antique Armour Shoppe.
 66641 | Bazaar   | Found Kus Baon's Armour Emporium.
 66641 | Bazaar   | Found Emuyrpho's Antique Weapon Shoppe.
 66662 | Bazaar   | Found Gonemoxt's Distillery.
 66666 | Bazaar   | Bought a potion of curing for 24 gold pieces
 66666 | Bazaar   | Bought a potion of curing for 24 gold pieces
 66666 | Bazaar   | Bought a potion of curing for 24 gold pieces
 66743 | Bazaar   | Bought a runed plate armour for 364 gold pieces
 66813 | Elf:1    | Found Liys's Food Shop.
 66862 | Elf:1    | Found Buler's Gadget Boutique.
 67588 | Elf:2    | Got a bloodstained buckler
 67599 | Elf:2    | Identified the +0 buckler "Xerch" {rC+ Str+2} (You acquired
                  | it on level 2 of the Elven Halls)
 67855 | Elf:2    | Found Gul Vuk's Food Emporium.
 67867 | Elf:2    | Found a deep blue altar of Sif Muna.
 68652 | Elf:2    | Found a runed gate.
 68652 | Elf:2    | Found a runed gate.
 68655 | Elf:2    | Found a runed gate.
 68701 | Elf:2    | Got a spiked crystal plate armour
 68718 | Elf:2    | Identified the +2 crystal plate armour of Liberty {rElec
                  | rF++ rC+} (You acquired it on level 2 of the Elven Halls)
 69526 | Elf:3    | Entered Level 3 of the Elven Halls
 70241 | Elf:3    | Reached XP level 23. HP: 174/228 MP: 30/30
 70334 | Elf:3    | Noticed Nikola
 70364 | Elf:3    | Killed Nikola
 71635 | Elf:3    | Identified the Handbook of Creative Heat
 71683 | Elf:3    | Found the +9 staff of Wucad Mu {channel}
 71750 | Elf:3    | Got a shimmering plate armour
 71761 | Elf:3    | Identified the +9 plate armour of Gravity {+Inv rC+ Dex+2
                  | Slay-6} (You found it on level 3 of the Elven Halls)
 72140 | Lair:3   | Killed matti1234's ghost
 72208 | Slime:1  | Entered Level 1 of the Pits of Slime
 74567 | Slime:5  | Entered Level 5 of the Pits of Slime
 75985 | Slime:5  | Reached XP level 24. HP: 218/241 MP: 30/30
 76026 | Slime:5  | Noticed the Royal Jelly
 77233 | Depths:2 | Found a one-way gate leading to the halls of Pandemonium.
 77823 | Depths:2 | Noticed a juggernaut
 78171 | Depths:2 | Killed a juggernaut
 78985 | Depths:2 | Noticed a juggernaut
 79004 | Depths:2 | Killed a juggernaut
 79307 | Depths:3 | Found Neclyppuy's General Store.
 79373 | Depths:3 | Bought a potion of haste for 160 gold pieces
 79472 | Depths:3 | Found Vocoituj's Antique Armour Boutique.
 79476 | Depths:3 | Found Ipnewn's Distillery.
 79477 | Depths:3 | Found Ranos's Food Boutique.
 79480 | Depths:3 | Bought a glowing helmet for 247 gold pieces
 79536 | Depths:3 | Bought a potion of haste for 120 gold pieces
 79536 | Depths:3 | Bought 2 potions of might for 96 gold pieces
 79536 | Depths:3 | Bought a potion of curing for 36 gold pieces
 79536 | Depths:3 | Bought a potion of heal wounds for 60 gold pieces
 79536 | Depths:3 | Bought a potion of curing for 36 gold pieces
 79536 | Depths:3 | Bought a potion of heal wounds for 60 gold pieces
 79536 | Depths:3 | Bought 2 potions of heal wounds for 120 gold pieces
 79536 | Depths:3 | Bought a potion of curing for 36 gold pieces
 79680 | Depths:3 | Got a steaming hand axe {chop}
 79844 | Depths:3 | Identified the +8 hand axe of Banuk {chop, MR+ SInv} (You
                  | took it off an orc sorcerer on level 3 of the Depths)
 80143 | Depths:3 | Noticed Jory
 80166 | Depths:3 | Killed Jory
 80693 | Depths:3 | Gained mutation: A demonic guardian rushes to your aid.
                  | [demonic ancestry]
 80693 | Depths:3 | Reached XP level 25. HP: 248/253 MP: 11/30
 81359 | Depths:4 | Found a one-way gate to the infinite horrors of the Abyss.
 81862 | Depths:4 | Noticed an ancient lich
 81880 | Depths:4 | Killed an ancient lich
 83088 | Depths:4 | Escaped the Abyss
 84426 | Depths:4 | Voluntarily entered the Abyss.
 84805 | Abyss:1  | Paralysed by accursed screaming for 1 turns
 85088 | Depths:4 | Escaped the Abyss
 85421 | Depths:4 | Voluntarily entered the Abyss.
 85442 | Abyss:1  | Gained mutation: You are extremely robust. (+30% HP)
                  | [demonic ancestry]
 85442 | Abyss:1  | Reached XP level 26. HP: 256/288 MP: 30/30
 85668 | Abyss:2  | Found a shattered altar of Ashenzari.
 86501 | Abyss:2  | Found a corrupted altar of Lugonu.
 86822 | Abyss:3  | Found a roughly hewn altar of Beogh.
 87207 | Abyss:3  | Got an abyssal rune of Zot
 87208 | Depths:4 | Escaped the Abyss
 87415 | Depths:5 | Entered Level 5 of the Depths
 87497 | Depths:5 | Noticed the Enchantress
 87857 | Depths:4 | Killed the Enchantress
 87879 | Depths:4 | Got faerie dragon scales
 87890 | Depths:4 | Identified the +4 faerie dragon scales {+Blink rF- rC+++
                  | rCorr Int-5} (You took it off the Enchantress on level 4 of
                  | the Depths)
 88420 | Depths:5 | Found a gate to the Realm of Zot.
 88580 | Depths:5 | Gained mutation: A powerful demonic guardian rushes to your
                  | aid. [demonic ancestry]
 88580 | Depths:5 | Reached XP level 27. HP: 289/300 MP: 30/30
 88690 | Depths:5 | Found a gateway to a ziggurat.
 88713 | Depths:5 | Noticed Frederick
 88750 | Depths:5 | Killed Frederick
 89584 | Vaults:5 | Entered Level 5 of the Vaults
 89720 | Vaults:5 | Identified the Collected Works on Dislocated Toxins
 90335 | Vaults:5 | Reached skill level 10 in Invocations
 90479 | Vaults:5 | Got a silver rune of Zot
 90623 | Vaults:5 | Found the +6 Majin-Bo {vamp, Archmagi MP+6 Int+6}
 90713 | Vaults:5 | Found the +7 Kryia's mail coat {PotionHeal*2 rC+}
 90978 | Vaults:5 | Got a distressingly furry shield
 90989 | Vaults:5 | Identified the cursed +0 shield of Buirr {+Fly rPois} (You
                  | took it off a deep elf high priest on level 5 of the
                  | Vaults)
 91444 | Hell     | Entered the Vestibule of Hell
 91444 | Hell     | Noticed Geryon
 91482 | Hell     | Killed Geryon
 91649 | Hell     | Found a gateway to the freezing wastes of Cocytus.
 91765 | Hell     | Found a gateway to the Iron City of Dis.
 92042 | Hell     | Found a gateway to the decaying netherworld of Tartarus.
 92089 | Hell     | Found a gateway to the ashen valley of Gehenna.
 92314 | Coc:1    | Entered Level 1 of Cocytus
 96070 | Coc:7    | Entered Level 7 of Cocytus
 97262 | Coc:7    | Noticed the Serpent of Hell
 97312 | Coc:7    | Killed the Serpent of Hell
100270 | Coc:7    | Got a bound wooden ring
101422 | Coc:7    | Noticed Antaeus
103084 | Coc:4    | Reached skill level 15 in Evocations
103260 | Coc:7    | Killed Antaeus
103285 | Coc:7    | Got an icy rune of Zot
104011 | Slime:4  | Identified the ring "Uriashet" {Str+4 Int+5} (You took it
                  | off a skeletal warrior on level 7 of Cocytus)
104146 | Slime:5  | Killed the Royal Jelly
104220 | Slime:5  | Found the +0 Maxwell's etheric cage {RegenMP+ *Contam rElec
                  | MP+4}
104225 | Slime:5  | Identified Sif Muna's Volume of the Ensnaring Voyage
104262 | Slime:5  | Got a heavily runed shield
104266 | Slime:5  | Found the +7 great mace "Firestarter" {inner flame, rF++}
104271 | Slime:5  | Got a slimy rune of Zot
104288 | Slime:5  | Identified Kagreywkao's Incunabulum of Necromancy
104332 | Slime:5  | Identified the +1 shield of Parlour Games {rPois rCorr
                  | SInv} (You found it on level 5 of the Pits of Slime)
104382 | Slime:5  | Got a bloodstained halberd
104383 | Slime:5  | Identified the cursed +1 halberd "Hydra's Demise" {vamp,
                  | rPois rN++ Str+4} (You found it on level 5 of the Pits of
                  | Slime)
104387 | Slime:5  | Got a crystal scimitar
104388 | Slime:5  | Identified the +12 scimitar "Keibol" {flame, Str+2} (You
                  | found it on level 5 of the Pits of Slime)
105024 | Crypt:1  | Entered Level 1 of the Crypt
106132 | Crypt:2  | Reached skill level 27 in Shields
106710 | Crypt:3  | Entered Level 3 of the Crypt
106841 | Crypt:3  | Found an ancient bone altar of Kikubaaqudgha.
107017 | Crypt:3  | Got a faintly glowing great mace
107020 | Crypt:3  | Got a warped long sword
107021 | Crypt:3  | Identified the +0 great mace "Imp's Bane" {drain, rF+ Str+3
                  | Dex+2} (You found it on level 3 of the Crypt)
107022 | Crypt:3  | Identified the +4 long sword "Zuobbasi" {pain, Fragile rN+
                  | Int+3} (You found it on level 3 of the Crypt)
107157 | Crypt:3  | Identified the Guide on Necromancy
107160 | Crypt:3  | Identified Pyolikua's Catalogue of the Arsonist and
                  | Talismans
107226 | Crypt:3  | Found a staircase to the Tomb.
108090 | D:10     | Bought a scroll of blinking for 97 gold pieces
108090 | D:10     | Bought a scroll of acquirement for 676 gold pieces
108090 | D:10     | Bought a scroll of enchant armour for 97 gold pieces
108090 | D:10     | Bought a scroll of acquirement for 676 gold pieces
108101 | D:10     | Got a pitted crystal plate armour
108112 | D:10     | Identified the +8 crystal plate armour "Xosap" {rF- rC-
                  | rN+++ Slay+5} (You acquired it on level 10 of the Dungeon)
108471 | Zot:1    | Entered Level 1 of the Realm of Zot
109045 | Tomb:1   | Entered Level 1 of the Tomb of the Ancients
109866 | Tomb:1   | Noticed a greater mummy
109871 | Tomb:1   | Gained mutation: You tend to lose your temper in combat. [a
                  | neqoxec]
110475 | Tomb:1   | Killed a greater mummy
110995 | Tomb:1   | Paralysed by a Zot trap for 4 turns
111140 | Tomb:1   | Corrupted Tomb:1
111555 | Tomb:1   | Cast into level 5 of the Abyss (a Zot trap)
111555 | Abyss:5  | Entered Level 5 of the Abyss
111719 | Tomb:1   | Escaped the Abyss
111748 | Tomb:1   | Paralysed by a Zot trap for 4 turns
111820 | Tomb:2   | Noticed an ancient lich
111822 | Tomb:2   | Noticed a greater mummy
111824 | Tomb:2   | Noticed a greater mummy
112046 | Tomb:2   | Noticed a greater mummy
112197 | Abyss:1  | Found a deep blue altar of Sif Muna.
112611 | Abyss:1  | Found a deep blue altar of Sif Muna.
112641 | Abyss:1  | Found a deep blue altar of Sif Muna.
112853 | Tomb:2   | Escaped the Abyss
112878 | Tomb:2   | Killed an ancient lich
112885 | Tomb:1   | Noticed a greater mummy
112895 | Tomb:1   | Killed a greater mummy
113296 | Tomb:1   | Noticed a greater mummy
113317 | Tomb:1   | Killed a greater mummy
113320 | Tomb:1   | Noticed a greater mummy
113336 | Tomb:1   | Killed a greater mummy
113811 | Tomb:1   | Noticed a greater mummy
113825 | Tomb:1   | Killed a greater mummy
113836 | Tomb:1   | Noticed a greater mummy
113850 | Tomb:1   | Killed a greater mummy
113968 | Tomb:1   | Noticed a greater mummy
113982 | Tomb:1   | Killed a greater mummy
114169 | Tomb:1   | Noticed a greater mummy
114187 | Tomb:1   | Killed a greater mummy
114189 | Tomb:1   | Noticed a greater mummy
114209 | Tomb:1   | Killed a greater mummy
115205 | Tomb:2   | Identified the Almanac of Harmful Dark Rituals
115219 | Tomb:3   | Entered Level 3 of the Tomb of the Ancients
115242 | Tomb:3   | Noticed a greater mummy
115275 | Abyss:1  | HP: 12/321 [poisoned by an ushabti (dark miasma)]
115492 | Abyss:1  | Paralysed by accursed screaming for 1 turns
115984 | Abyss:1  | Reached skill level 15 in Invocations
116098 | Abyss:1  | Paralysed by accursed screaming for 1 turns
116239 | Tomb:2   | Escaped the Abyss
116320 | Tomb:3   | Noticed a greater mummy
116320 | Tomb:3   | Noticed a greater mummy
116320 | Tomb:3   | Noticed a greater mummy
116321 | Tomb:3   | Noticed a greater mummy
116335 | Tomb:3   | Noticed a greater mummy
116356 | Tomb:2   | HP: 6/321 [greater mummy/divine providence (13)]
117310 | Tar:1    | Entered Level 1 of Tartarus
117514 | Tar:2    | Reached skill level 27 in Fighting
119738 | Tar:7    | Entered Level 7 of Tartarus
121751 | Tar:7    | Identified the Disquisition on Changing
121763 | Tar:7    | Reached skill level 27 in Axes
121815 | Tar:7    | Gained mutation: Potions are less effective at restoring
                  | your health. [mutagenic glow]
121935 | Tar:7    | Gained mutation: Your magical capacity is low. (-10% MP)
                  | [mutagenic glow]
122275 | Tar:7    | Got a scorched copper amulet
122276 | Tar:7    | Identified the amulet "Naonweitt" {Acrobat MR+} (You found
                  | it on level 7 of Tartarus)
122313 | Tar:7    | Found the +8 demon blade "Leech" {vamp, rN+ AC-3 EV-3}
122314 | Tar:7    | Found the +11 plutonium sword {*Contam Stlth-}
122818 | Tar:7    | Learned a level 9 spell: Shatter
122900 | Tar:7    | Got a warped wooden ring
122907 | Tar:7    | Identified the ring of Xom's Amusement {*Drain rN+ MR+
                  | Stlth+} (You found it on level 7 of Tartarus)
122989 | Tar:7    | Reached skill level 1 in Spellcasting
123022 | Tar:7    | Reached skill level 1 in Earth Magic
124001 | Tar:7    | Found the +2 Maxwell's thermic engine {flame, freeze}
124007 | Tar:7    | Identified the Catalogue of Translocation
125341 | Tar:7    | Gained mutation: Your spells are a little easier to cast,
                  | but a little less powerful. [mutagenic glow]
125449 | Tar:7    | Noticed Ereshkigal
125469 | Tar:7    | Killed Ereshkigal
125499 | Tar:7    | Got a bone rune of Zot
125529 | Tar:7    | Reached skill level 5 in Spellcasting
125687 | D:15     | Lost mutation: Potions are less effective at restoring your
                  | health. [potion of mutation]
125687 | D:15     | Lost mutation: You tend to lose your temper in combat.
                  | [potion of mutation]
125687 | D:15     | Gained mutation: You are resistant to hostile enchantments.
                  | (MR+) [potion of mutation]
125687 | D:15     | Gained mutation: You are weak. (Str -2) [potion of
                  | mutation]
125687 | D:15     | Gained mutation: Scrolls take you a little longer to read.
                  | [potion of mutation]
125687 | D:15     | Gained mutation: You have a pair of small horns on your
                  | head. [potion of mutation]
125688 | D:15     | Lost mutation: You have a pair of small horns on your head.
                  | [potion of mutation]
125688 | D:15     | Lost mutation: You are resistant to hostile enchantments.
                  | (MR+) [potion of mutation]
125688 | D:15     | Gained mutation: Your body sometimes deteriorates upon
                  | taking damage. [potion of mutation]
125688 | D:15     | Lost mutation: You are weak. (Str -2) [potion of mutation]
125689 | D:15     | Lost mutation: Your body sometimes deteriorates upon taking
                  | damage. [potion of mutation]
125689 | D:15     | Lost mutation: Your magical capacity is low. (-10% MP)
                  | [potion of mutation]
125689 | D:15     | Gained mutation: You expend magic power (3 MP) to
                  | strengthen your wands. [potion of mutation]
125689 | D:15     | Gained mutation: You possess an exceptional clarity of
                  | mind. [potion of mutation]
125690 | D:15     | Lost mutation: You expend magic power (3 MP) to strengthen
                  | your wands. [potion of mutation]
125690 | D:15     | Lost mutation: Your spells are a little easier to cast, but
                  | a little less powerful. [potion of mutation]
125690 | D:15     | Gained mutation: You evolve. [potion of mutation]
125690 | D:15     | Gained mutation: You are clumsy. (Dex -2) [potion of
                  | mutation]
125690 | D:15     | Gained mutation: You have sharp fingernails. [potion of
                  | mutation]
125691 | D:15     | Lost mutation: You are clumsy. (Dex -2) [potion of
                  | mutation]
125691 | D:15     | Lost mutation: Scrolls take you a little longer to read.
                  | [potion of mutation]
125691 | D:15     | Lost mutation: You possess an exceptional clarity of mind.
                  | [potion of mutation]
125691 | D:15     | Gained mutation: Your spells are a little easier to cast,
                  | but a little less powerful. [potion of mutation]
125691 | D:15     | Gained mutation: Your natural rate of healing is unusually
                  | fast. [potion of mutation]
125956 | Dis:1    | Entered Level 1 of the Iron City of Dis
126042 | Dis:1    | Reached skill level 5 in Earth Magic
126169 | Dis:1    | Lost mutation: You evolve. [evolution]
126778 | Dis:3    | Gained mutation: Your magical capacity is low. (-10% MP)
                  | [mutagenic glow]
127872 | Dis:7    | Entered Level 7 of the Iron City of Dis
128279 | Dis:7    | HP: 14/310 [iron dragon/spray of metal splinters (31)]
128329 | Abyss:1  | Found a corrupted altar of Lugonu.
128375 | Abyss:1  | Found a corrupted altar of Lugonu.
128391 | Abyss:1  | Found a corrupted altar of Lugonu.
128467 | Dis:7    | Escaped the Abyss
130067 | Dis:7    | Got a warped broad axe {venom}
130068 | Dis:7    | Identified the +4 broad axe of the Butterfly {venom, MR++}
                  | (You took it off an iron imp on level 7 of the Iron City of
                  | Dis)
130129 | Dis:7    | Identified the Handbook of the Oath and Talismans
130177 | Dis:7    | Noticed Dispater
130208 | Dis:7    | Gained mutation: Armour fits poorly on your strangely
                  | shaped body. [a cacodemon]
130211 | Dis:7    | Gained mutation: You are dopey. (Int -2) [a cacodemon]
130245 | Dis:7    | Killed Dispater
130418 | Depths:4 | Lost mutation: Armour fits poorly on your strangely shaped
                  | body. [potion of mutation]
130418 | Depths:4 | Lost mutation: Your spells are a little easier to cast, but
                  | a little less powerful. [potion of mutation]
130418 | Depths:4 | Gained mutation: Scrolls take you a little longer to read.
                  | [potion of mutation]
130418 | Depths:4 | Gained mutation: You possess an exceptional clarity of
                  | mind. [potion of mutation]
130419 | Depths:4 | Lost mutation: Your magical capacity is low. (-10% MP)
                  | [potion of mutation]
130419 | Depths:4 | Lost mutation: Scrolls take you a little longer to read.
                  | [potion of mutation]
130419 | Depths:4 | Lost mutation: You are dopey. (Int -2) [potion of mutation]
130419 | Depths:4 | Gained mutation: You are agile. (Dex +2) [potion of
                  | mutation]
130419 | Depths:4 | Gained mutation: You have supernaturally acute eyesight.
                  | (SInv) [potion of mutation]
130419 | Depths:4 | Gained mutation: You have a beak for a mouth. [potion of
                  | mutation]
130419 | Depths:4 | Gained mutation: Your mind is acute. (Int +2) [potion of
                  | mutation]
130457 | Geh:1    | Entered Level 1 of Gehenna
131905 | Geh:6    | Reached skill level 27 in Armour
132274 | Geh:7    | Entered Level 7 of Gehenna
132658 | Geh:2    | Reached skill level 10 in Spellcasting
132659 | Geh:2    | Reached skill level 10 in Earth Magic
134254 | Geh:7    | Identified Sif Muna's Papyrus of Noxious Malediction
134622 | Geh:7    | Gained mutation: Your body sometimes deteriorates upon
                  | taking damage. [mutagenic glow]
135551 | Geh:7    | HP: 14/319 [Brimstone Fiend/damnation (39)]
135580 | Abyss:1  | Learned a level 3 spell: Regeneration
135709 | Abyss:1  | Reached skill level 1 in Necromancy
135759 | Abyss:1  | Reached skill level 1 in Charms
135850 | Geh:7    | Escaped the Abyss
136003 | Geh:7    | Noticed Asmodeus
136034 | Geh:7    | Killed Asmodeus
136073 | Geh:7    | Got an obsidian rune of Zot
136261 | Pan      | Entered Pandemonium
136392 | Pan      | Noticed Vaic the pandemonium lord
136408 | Pan      | Killed Vaic the pandemonium lord
136674 | Pan      | Entered the realm of Lom Lobon.
137527 | Pan      | Reached skill level 5 in Necromancy
137758 | Pan      | Noticed Lom Lobon
137792 | Pan      | Got a magical rune of Zot
138251 | Pan      | Reached skill level 5 in Charms
138497 | Pan      | Gained mutation: Armour fits poorly on your strangely
                  | shaped body. [a neqoxec]
139132 | Pan      | Noticed Lom Lobon
139330 | Pan      | Entered the realm of Gloorx Vloq.
139355 | Pan      | Noticed Gloorx Vloq
139583 | Pan      | Escaped the Abyss
139606 | Pan      | Noticed Lom Lobon
139875 | Pan      | Killed Lom Lobon
139875 | Pan      | Reached skill level 15 in Spellcasting
140254 | Pan      | Found an exit through the horrors of the Abyss.
141542 | Abyss:1  | Lost mutation: You have supernaturally acute eyesight.
                  | (SInv) [a neqoxec]
141821 | Pan      | Escaped the Abyss
141853 | Pan      | Got a dark rune of Zot
141943 | Pan      | Noticed Qelast the pandemonium lord
141944 | Pan      | Lost mutation: Your mind is acute. (Int +2) [a cacodemon]
142060 | Abyss:1  | Found a corrupted altar of Lugonu.
142263 | Pan      | Escaped the Abyss
142274 | Pan      | Killed Qelast the pandemonium lord
142491 | Pan      | Noticed Gloorx Vloq
142498 | Pan      | Entered the realm of Mnoleg.
142504 | Pan      | HP: 15/323 [cacodemon (4)]
142508 | Pan      | HP: 7/323 [Executioner[Gloorx Vloq] (3)]
142510 | Pan      | Reached skill level 15 in Earth Magic
142514 | Pan      | HP: 13/323 [cacodemon (9)]
142518 | Pan      | HP: 4/323 [cacodemon (5)]
142539 | Pan      | Gained mutation: Your magical capacity is low. (-10% MP) [a
                  | cacodemon]
142553 | Pan      | HP: 13/323 [disintegration (36)]
142588 | Pan      | Lost mutation: You are agile. (Dex +2) [a cacodemon]
142852 | Pan      | Lost mutation: You possess an exceptional clarity of mind.
                  | [a neqoxec]
142878 | Pan      | Gained mutation: You are weak. (Str -2) [a cacodemon]
142895 | Pan      | Gained mutation: Your magical capacity is very low. (-20%
                  | MP) [a cacodemon]
142902 | Pan      | Gained mutation: Scrolls take you a little longer to read.
                  | [a cacodemon]
142919 | Pan      | Lost mutation: You are weak. (Str -2) [potion of mutation]
142919 | Pan      | Lost mutation: Your body sometimes deteriorates upon taking
                  | damage. [potion of mutation]
142919 | Pan      | Lost mutation: Your magical capacity is very low. (-20% MP)
                  | [potion of mutation]
142919 | Pan      | Gained mutation: You can translocate small distances at
                  | will. [potion of mutation]
142920 | Pan      | Lost mutation: Your natural rate of healing is unusually
                  | fast. [potion of mutation]
142920 | Pan      | Lost mutation: Your magical capacity is low. (-10% MP)
                  | [potion of mutation]
142920 | Pan      | Lost mutation: Scrolls take you a little longer to read.
                  | [potion of mutation]
142920 | Pan      | Gained mutation: Your magical capacity is low. (-10% MP)
                  | [potion of mutation]
142920 | Pan      | Gained mutation: Your mind is acute. (Int +2) [potion of
                  | mutation]
142967 | Pan      | Gained mutation: Your magical capacity is very low. (-20%
                  | MP) [a cacodemon]
143013 | Pan      | Gained mutation: Your body sometimes deteriorates upon
                  | taking damage. [a neqoxec]
143035 | Pan      | Gained mutation: Your spells are a little harder to cast,
                  | but a little more powerful. [a cacodemon]
143060 | Pan      | Gained mutation: Potions are less effective at restoring
                  | your health. [a neqoxec]
143062 | Pan      | Lost mutation: You can translocate small distances at will.
                  | [a neqoxec]
143087 | Pan      | Lost mutation: Your spells are a little harder to cast, but
                  | a little more powerful. [a cacodemon]
143091 | Pan      | Lost mutation: Your mind is acute. (Int +2) [a shining eye]
143092 | Pan      | Gained mutation: Scrolls take you a little longer to read.
                  | [a neqoxec]
143095 | Pan      | Gained mutation: Your body often deteriorates upon taking
                  | damage. [a neqoxec]
143101 | Pan      | Lost mutation: Your body often deteriorates upon taking
                  | damage. [a cacodemon]
143114 | Pan      | Noticed Mnoleg
143115 | Pan      | Paralysed by a floating eye for 3 turns
143142 | Pan      | Killed Mnoleg
143173 | Pan      | Got a glowing rune of Zot
143322 | Pan      | Entered the realm of Cerebov.
143354 | Pan      | Lost mutation: Your body sometimes deteriorates upon taking
                  | damage. [potion of mutation]
143354 | Pan      | Lost mutation: Your magical capacity is very low. (-20% MP)
                  | [potion of mutation]
143355 | Pan      | Lost mutation: Scrolls take you a little longer to read.
                  | [potion of mutation]
143355 | Pan      | Lost mutation: Armour fits poorly on your strangely shaped
                  | body. [potion of mutation]
143355 | Pan      | Lost mutation: Your magical capacity is low. (-10% MP)
                  | [potion of mutation]
143355 | Pan      | Gained mutation: You are resistant to hostile enchantments.
                  | (MR+) [potion of mutation]
143355 | Pan      | Lost mutation: You have a beak for a mouth. [potion of
                  | mutation]
143355 | Pan      | Gained mutation: Your spells are a little harder to cast,
                  | but a little more powerful. [potion of mutation]
143592 | Pan      | Noticed Cerebov
143642 | Pan      | Killed Cerebov
143931 | Pan      | Identified the Catalogue of the Jackalope
143958 | Pan      | Got a brightly glowing helmet
143959 | Pan      | Identified the +1 helmet of Marbles {Int+2 Dex+3 Slay+2}
                  | (You found it in Pandemonium)
144014 | Pan      | Got a fiery rune of Zot
144547 | Pan      | Noticed Bison the pandemonium lord
144569 | Pan      | Killed Bison the pandemonium lord
144922 | Pan      | Got a pair of steaming gloves
144923 | Pan      | Identified the +5 pair of gloves of Zin's Anger {Slay+3
                  | Stlth+} (You found it in Pandemonium)
145025 | Pan      | Noticed Gloorx Vloq
145058 | Pan      | Learned a level 6 spell: Darkness
145065 | Pan      | Found an exit through the horrors of the Abyss.
145076 | Pan      | Took an exit into the Abyss.
145076 | Abyss:1  | Escaped into the Abyss
145091 | Depths:5 | Escaped the Abyss
145517 | Dis:2    | Reached skill level 1 in Hexes
145943 | Dis:7    | Got an iron rune of Zot
146107 | Pan      | Entered Pandemonium
146265 | Pan      | Noticed Vuteluemm the pandemonium lord
146290 | Pan      | Killed Vuteluemm the pandemonium lord
147065 | Pan      | Gained mutation: Your magical capacity is low. (-10% MP) [a
                  | neqoxec]
147068 | Pan      | Gained mutation: You occasionally shout uncontrollably at
                  | your foes. [a neqoxec]
147257 | Pan      | Got a fine battleaxe
147454 | Pan      | Got a demonic rune of Zot
147505 | Pan      | Got a translucent hand axe
148119 | Pan      | Found an exit through the horrors of the Abyss.
148199 | Pan      | Took an exit into the Abyss.
148199 | Abyss:1  | Escaped into the Abyss
148390 | Abyss:1  | Found a corrupted altar of Lugonu.
148717 | Depths:3 | Escaped the Abyss
148718 | Depths:3 | Identified the cursed +2 battleaxe of Ru's Approval {pain,
                  | +Rage Str+8 Int-4 Dex-3} (You found it in Pandemonium)
148719 | Depths:3 | Identified the +6 hand axe of Fuobebov {vamp, rC++} (You
                  | found it in Pandemonium)
148841 | Zot:1    | Noticed an orb of fire
148858 | Zot:1    | Killed an orb of fire
149201 | Zot:1    | Reached skill level 5 in Hexes
149615 | Zot:1    | Found a transporter.
149619 | Zot:1    | Found a deep blue altar of Sif Muna.
149634 | Zot:1    | Noticed an orb of fire
149642 | Zot:1    | Noticed an ancient lich
149646 | Zot:1    | Gained mutation: You sometimes yell uncontrollably at your
                  | foes. [an orb of fire]
149650 | Zot:1    | Gained mutation: Your magical capacity is very low. (-20%
                  | MP) [an orb of fire]
149653 | Zot:1    | Lost mutation: Your spells are a little harder to cast, but
                  | a little more powerful. [an orb of fire]
149654 | Zot:1    | Gained mutation: You are clumsy. (Dex -2) [an orb of fire]
149659 | Zot:1    | Killed an orb of fire
149680 | Zot:1    | Killed an ancient lich
149803 | Zot:1    | Noticed an ancient lich
149817 | Zot:1    | Killed an ancient lich
149838 | Zot:1    | Found a transporter.
150404 | Zot:2    | Noticed an ancient lich
150413 | Zot:2    | Killed an ancient lich
152604 | Zot:4    | Found a shadowy altar of Dithmenos.
152660 | Zot:4    | Noticed an orb of fire
152668 | Zot:4    | Gained mutation: Your magical capacity is extremely low.
                  | (-30% MP) [an orb of fire]
152676 | Zot:4    | Gained mutation: You frequently scream uncontrollably at
                  | your foes. [an orb of fire]
152681 | Zot:4    | Killed an orb of fire
153386 | Zig:1    | Entered Level 1 of a ziggurat
153412 | Zig:2    | Entered Level 2 of a ziggurat
153620 | Zig:3    | Entered Level 3 of a ziggurat
153668 | Zig:4    | Entered Level 4 of a ziggurat
153776 | Zig:5    | Entered Level 5 of a ziggurat
153812 | Zig:6    | Entered Level 6 of a ziggurat
153857 | Zig:6    | Identified the Compendium of Changing and Fire
153862 | Zig:7    | Entered Level 7 of a ziggurat
153903 | Zig:7    | Found the +2 shield of Resistance {rF+ rC+ MR+}
153917 | Zig:7    | Got a heavily runed brass ring
153918 | Zig:7    | Identified the ring of Waxor {MR+ MP+9} (You found it on
                  | level 7 of a ziggurat)
153993 | Zig:8    | Entered Level 8 of a ziggurat
154098 | Zig:9    | Entered Level 9 of a ziggurat
154130 | Zig:9    | Gained mutation: You are occasionally teleported next to
                  | monsters. [a cacodemon]
154213 | Zig:9    | Reached skill level 10 in Hexes
154221 | Zig:10   | Entered Level 10 of a ziggurat
154536 | Zig:11   | Entered Level 11 of a ziggurat
154753 | Abyss:1  | Paralysed by accursed screaming for 1 turns
154757 | Abyss:1  | Paralysed by accursed screaming for 1 turns
155522 | Zig:11   | Escaped the Abyss
155905 | Zig:11   | Identified the Tome of Beguiling
155959 | Zig:12   | Entered Level 12 of a ziggurat
156019 | Zig:12   | Noticed an ancient lich
156044 | Zig:12   | Killed an ancient lich
156058 | Zig:12   | Noticed an ancient lich
156088 | Zig:12   | Killed an ancient lich
156461 | Zig:13   | Entered Level 13 of a ziggurat
156569 | Zig:13   | Noticed an ancient lich
156581 | Zig:13   | Killed an ancient lich
156640 | Zig:13   | Identified the +8 flail "Killer Klown's Peril" {freeze,
                  | MR+} (You found it on level 13 of a ziggurat)
156644 | Zig:14   | Entered Level 14 of a ziggurat
156765 | Zig:14   | Identified Nocavuinn's Almanac of Stolen Souls
156779 | Zig:14   | Identified the +2 cloak of Ynlor {Int+4} (You found it on
                  | level 14 of a ziggurat)
156800 | Zig:14   | Learned a level 2 spell: Shroud of Golubria
156807 | Zig:14   | Learned a level 6 spell: Invisibility
156813 | Zig:14   | Learned a level 5 spell: Silence
156814 | Zig:15   | Entered Level 15 of a ziggurat
156837 | Zig:15   | Noticed an ancient lich
157124 | Abyss:1  | Reached skill level 1 in Air Magic
157429 | Abyss:2  | Found a corrupted altar of Lugonu.
157490 | Zig:15   | Escaped the Abyss
157506 | Zig:15   | Killed an ancient lich
157590 | Zig:15   | Found the +4 dagger "Morg" {pain, MR+ Int+5}
157600 | Zig:15   | Identified the cursed ring "Irchebre" {*Slow rPois rC+
                  | EV-2} (You found it on level 15 of a ziggurat)
157605 | Zig:15   | Identified the Compendium of Displaced Talismans
157614 | Zig:16   | Entered Level 16 of a ziggurat
157683 | Zig:16   | Gained mutation: Potions are poor at restoring your health.
                  | [mutagenic glow]
157697 | Zig:16   | Reached skill level 27 in Spellcasting
157742 | Zig:16   | Identified the +2 pair of gloves of Tytrav {Str+4 Int+4}
                  | (You found it on level 16 of a ziggurat)
157745 | Zig:16   | Identified the amulet "Myatum" {+Rage Int+3} (You found it
                  | on level 16 of a ziggurat)
157760 | Zig:16   | Identified the +3 hand axe of Interdependent Arising {holy,
                  | Int-2 Dex+4} (You found it on level 16 of a ziggurat)
157814 | Zig:17   | Entered Level 17 of a ziggurat
157843 | Zig:17   | Noticed an ancient lich
157848 | Zig:17   | Noticed an ancient lich
157851 | Zig:17   | Noticed an ancient lich
157854 | Zig:17   | Killed an ancient lich
157863 | Zig:17   | Killed an ancient lich
157874 | Zig:17   | Killed an ancient lich
157874 | Zig:17   | Reached skill level 1 in Translocations
157908 | Zig:17   | Noticed an ancient lich
157922 | Zig:17   | Killed an ancient lich
158120 | Zig:17   | Found the +3 warlock's mirror {reflect}
158153 | Zig:17   | Identified the ring "Bitistio" {+Inv +Fly Int-4 Slay+5
                  | Stlth+} (You found it on level 17 of a ziggurat)
158159 | Zig:17   | Identified the Handbook of Earthen Boosts
158162 | Zig:17   | Identified the +7 spear of Exquisite Torment {freeze, *Rage
                  | rF+ Str+4} (You found it on level 17 of a ziggurat)
158166 | Zig:17   | Identified Dafuig's Almanac of Air
158189 | Zig:18   | Entered Level 18 of a ziggurat
158226 | Zig:18   | Noticed Fesoqer the pandemonium lord
158247 | Zig:18   | Killed Fesoqer the pandemonium lord
158309 | Zig:18   | Found the +7 lajatang of Order {silver, rMut}
158315 | Zig:18   | HP: 12/322 [balrug/divine providence[a shadow demon] (8)]
158317 | Zig:18   | Killed from afar by a balrug

Skill      XL: |  1  2  3  4  5  6  7  8  9 10 11 12 13 14 15 16 17 18 19 20 21 22 23 24 25 26 27 |
---------------+----------------------------------------------------------------------------------+-----
Armour         | 2 3 4 5 6 7 9 10 11 12 13 14 15 16 17 18 27 | 27.0
Axes           | 2 3 4 5 7 8 10 11 12 13 14 15 16 17 18 19 20 21 27 | 27.0
Fighting       | 4 5 6 7 8 9 10 11 12 13 14 15 16 17 18 19 20 21 22 27 | 27.0
Evocations     | 2 4 5 6 9 10 21 | 21.0
Shields        | 1 4 6 7 8 9 11 12 13 14 16 17 19 20 21 23 27 | 27.0
Invocations    | 4 7 25 | 25.7
Spellcasting   | 27 | 27.0
Earth Magic    | 19 | 19.3
Necromancy     | 7 |  7.0
Charms         | 7 |  7.0
Hexes          | 13 | 13.6
Air Magic      | 4 |  4.0
Translocations | 1 |  1.1
Dodging        | |  0.8

Action                   |  1- 3 |  4- 6 |  7- 9 | 10-12 | 13-15 | 16-18 | 19-21 | 22-24 | 25-27 || total
-------------------------+-------+-------+-------+-------+-------+-------+-------+-------+-------++-------
Melee: Hand axe          |   134 |   257 |   447 |  1256 |  1157 |  1874 |  2619 |   534 |       ||  8278
       Kick              |       |       |   123 |   458 |   480 |   802 |  1442 |  1102 |  8913 || 13320
       War axe           |       |       |       |       |       |       |       |  1582 | 15272 || 16854
       Peck              |       |       |       |       |       |       |       |       |  1000 ||  1000
 Cast: Regeneration      |       |       |       |       |       |       |       |       |   158 ||   158
       Darkness          |       |       |       |       |       |       |       |       |    17 ||    17
       Invisibility      |       |       |       |       |       |       |       |       |     7 ||     7
       Silence           |       |       |       |       |       |       |       |       |     5 ||     5
       Shroud of Golubri |       |       |       |       |       |       |       |       |     4 ||     4
Invok: Depart the Abyss  |       |       |       |       |       |       |     2 |       |     5 ||     7
       Enter the Abyss   |       |       |       |       |       |       |     1 |       |    10 ||    11
       Corrupt           |       |       |       |       |       |       |       |       |     1 ||     1
 Abil: Evoke Flight      |       |       |       |       |       |    14 |    15 |       |       ||    29
Evoke: Wand              |       |       |    11 |    20 |    72 |     3 |     3 |     2 |     9 ||   120
       Lightning rod     |       |       |       |       |       |    15 |     2 |     4 |    28 ||    49
       Fan of gales      |       |       |       |       |       |       |     1 |       |       ||     1
       Horn of Geryon    |       |       |       |       |       |       |       |       |    14 ||    14
       Lamp of fire      |       |       |       |       |       |       |       |       |     8 ||     8
       Box of beasts     |       |       |       |       |       |       |       |       |     2 ||     2
       Phial of floods   |       |       |       |       |       |       |       |       |     2 ||     2
       Phantom mirror    |       |       |       |       |       |       |       |       |     2 ||     2
  Use: Scroll            |       |     8 |     4 |    17 |     6 |    20 |     8 |     8 |    70 ||   141
       Potion            |       |       |     1 |     6 |    10 |     2 |     2 |       |    73 ||    94
 Stab: Sleeping          |     2 |     1 |       |       |       |       |       |       |       ||     3
       Distracted        |     1 |       |     1 |     9 |    19 |    15 |    21 |    20 |    95 ||   181
       Petrified         |       |       |       |       |     9 |     6 |       |       |    18 ||    33
       Petrifying        |       |       |       |       |     1 |     1 |       |       |     3 ||     5
       Invisible         |       |       |       |       |       |       |       |       |    18 ||    18
       Confused          |       |       |       |       |       |       |       |       |     3 ||     3
       Paralysed         |       |       |       |       |       |       |       |       |     1 ||     1
  Eat: Chunk             |     1 |    10 |    13 |    29 |    22 |    41 |    48 |    35 |   106 ||   305
       Ration            |       |       |       |     4 |     4 |     4 |     4 |     4 |    56 ||    76
Armor: Leather armour    |    20 |       |       |       |       |       |       |       |       ||    20
       Ring mail         |    32 |     7 |       |       |       |       |       |       |       ||    39
       Chain mail        |       |   131 |   165 |   232 |       |       |       |       |       ||   528
       Scale mail        |       |    23 |       |       |       |       |       |       |       ||    23
       Plate armour      |       |       |   143 |   438 |   586 |   715 |   785 |   117 |       ||  2784
       Skin              |       |       |       |    15 |       |       |       |       |       ||    15
       Crystal plate arm |       |       |       |       |       |       |       |   881 |  5227 ||  6108
Dodge: Dodged            |    84 |   118 |   149 |   162 |   158 |   232 |   299 |   210 |  1639 ||  3051
Block: Shield            |       |       |       |   443 |   524 |  1053 |  1662 |  1524 |   443 ||  5649
       Reflection        |       |       |       |       |       |    50 |   243 |   143 |   202 ||   638
       Large shield      |       |       |       |       |       |       |       |       | 16514 || 16514
